 Dungeon Crawl Stone Soup version 0.28-a0-494-ge2d2658822 (webtiles) character file.

Game seed: 12033174296817664554

13270 Heedrag the Severer (level 11, -21/97 HPs)
             Began as a Minotaur Berserker on Sept 19, 2021.
             Was a High Priest of Trog.
             Demolished by a very large slime creature (23 damage)
             ... on level 12 of the Dungeon.
             The game lasted 00:14:10 (13116 turns).

Heedrag the Severer (Minotaur Berserker)           Turns: 13116, Time: 00:14:11

Health: -21/97     AC: 14    Str: 25    XL:     11   Next: 73%
Magic:  10/10      EV:  8    Int:  4    God:    Trog [*****.]
Gold:   836        SH:  6    Dex: 10    Spells: 10/10 levels left

rFire   . . .      SeeInvis .   C - +3 broad axe (flame)
rCold   . . .      Faith    .   d - +0 buckler
rNeg    . . .      Spirit   .   i - +0 plate armour
rPois   .          Reflect  .   (helmet restricted)
rElec   .          Harm     .   l - scarf {repulsion}
rCorr   .          Rampage  .   (no gloves)
Will    .....                   (no boots)
Stlth   ..........              (no amulet)
HPRegen 0.26/turn               K - ring of flight
MPRegen 0.12/turn               (no ring)

@: flying, repel missiles
A: horns 2, retaliatory headbutt
a: Renounce Religion, Berserk, Trog's Hand, Brothers in Arms


You were on level 12 of the Dungeon.
You worshipped Trog.
Trog was extremely pleased with you.
You visited 1 branch of the dungeon, and saw 13 of its levels.
You also visited: Bailey.

You collected 924 gold pieces.
You spent 88 gold pieces at shops.

Inventory:

Hand Weapons
 a - a +0 hand axe
 v - a +2 war axe of flaming
 C - a +3 broad axe of flaming (weapon)
 O - the +1 trident "Suloog" {vorpal, rElec rF+ Str+2 SInv}
   (You took it off a centaur on level 12 of the Dungeon)

   It inflicts extra damage upon your enemies.
   Str:       It affects your strength (+2).
   rF:        It protects you from fire.
   rElec:     It insulates you from electricity.
   SInv:      It lets you see invisible.
Missiles
 p - 23 poisoned darts (quivered)
 q - 99 boomerangs
 F - a curare-tipped dart
 I - 3 throwing nets
Armour
 b - a +0 animal skin
 d - a +0 buckler (worn)
 g - a +0 cloak
 i - a +0 plate armour (worn)
 l - a scarf of repulsion (worn)
Jewellery
 K - a ring of flight (left hand)
Wands
 k - a wand of flame (24)
 n - a wand of charming (16)
 o - a wand of iceblast (27)
 H - a wand of polymorph (11)
 M - a wand of mindburst (9)
Scrolls
 c - 4 scrolls of enchant armour {unknown}
 e - a scroll of immolation {unknown}
 f - 10 scrolls of identify {unknown}
 h - 11 scrolls of teleportation {unknown}
 m - 6 scrolls of enchant weapon {unknown}
 r - a scroll of brand weapon {unknown}
 y - 2 scrolls of holy word {unknown}
 B - a scroll of acquirement
 G - 2 scrolls of magic mapping {unknown}
 J - 2 scrolls of blinking {unknown}
 N - a scroll of fog {unknown}
 P - a scroll of fear {unknown}
 Q - a scroll of amnesia {unknown}
Potions
 j - 3 potions of curing
 s - a potion of berserk rage {unknown}
 t - 4 potions of heal wounds
 u - 4 potions of haste {unknown}
 w - 2 potions of lignification {unknown}
 x - 2 potions of resistance {unknown}
 z - 8 potions of mutation {unknown}
 A - a potion of magic {unknown}
 D - a potion of cancellation {unknown}
 E - 2 potions of attraction {unknown}
 L - a potion of brilliance {unknown}


   Skills:
 + Level 9.2 Fighting
 * Level 15.8 Axes
 + Level 9.0 Armour
 + Level 3.7 Dodging
 + Level 1.6 Stealth
 * Level 9.1 Shields


You had 10 spell levels left.
You didn't know any spells.
Your spell library was empty.

Dungeon Overview and Level Annotations

Branches:
Dungeon (13/15)            Temple (0/1) D:7            Lair (0/6) D:10
    Orc (0/2) D:9          Bailey (visited)
 Vaults: D:13-14

Altars:
Ashenzari
Dithmenos
Elyvilon
Fedhas
Hepliaklqana
Kikubaaqudgha
Nemelex Xobeh
Okawaru
Qazlal
Ru
Uskayaw
Xom
Zin

Shops:
D:8 [!*   D:10 *


Innate Abilities, Weirdness & Mutations

You have a pair of horns on your head.
You reflexively headbutt those who attack you in melee.


Message History

You hit the slime creature. You burn the slime creature.
The slime creature is heavily wounded.
You hit the large slime creature. You burn the large slime creature.
A large slime creature splits.
The slime creature hits you.
You slash the slime creature! You burn the slime creature.
You headbutt the slime creature.
The slime creature is almost dead.
You barely miss the slime creature. x2; The slime creature closely misses you.
The slime creature barely misses you. You furiously retaliate!
You headbutt the slime creature.
A slime creature comes into view.
Two slime creatures merge to form a large slime creature.
Two slime creatures merge to form a very large slime creature.
The slime creature hits you but does no damage.
You hit the slime creature. You burn the slime creature.
The slime creature is lightly wounded.
The slime creature hits you but does no damage.
You slice the slime creature!! You burn the slime creature.
The slime creature is heavily wounded.
The slime creature hits you but does no damage.
You slice the slime creature!! You burn the slime creature.
The slime creature is almost dead.
The slime creature hits you.
You hit the slime creature. You burn the slime creature.
You kill the slime creature!
Trog accepts your kill.
You hit the very large slime creature. You burn the very large slime creature.
The very large slime creature is moderately wounded.
The very large slime creature hits you!!!
You slash the very large slime creature!
You burn the very large slime creature!
The very large slime creature is heavily wounded.
The very large slime creature hits you!!!
Ouch! That really hurt!
* * * LOW HITPOINT WARNING * * *
You slice the very large slime creature!!
You burn the very large slime creature!
The very large slime creature is severely wounded.
The very large slime creature hits you!!
You die...

### #.. #J####### #####
#.......# ....#
##########..# ###.#
#......@J...# #.#
#.########..# #.# #.#
#..# #.# ####.#####
...### # #.# #........#
...... #.#.# #.##.###.#
..... #.#.###.##.# #.#
##..### #....##.##.#
#.####..#
#.#...#.##.###.......##


You could see a very large slime creature.

Vanquished Creatures
  A hydra (D:9)
  A two-headed ogre (D:11)
  2 cyclopes (D:12)
  Maurice (D:10)
  Maggie (D:6)
  2 gargoyles
  An unseen horror (D:12)
  A slime creature (D:12)
  Sigmund (D:2)
  A shadow (D:11)
  A wraith (D:10)
  17 yaks
  A steam dragon (D:6)
  8 vampire mosquitoes
  Menkaure (D:5)
  A water moccasin (D:8)
  3 orc warriors
  2 ice beasts
  4 ogres
  A black bear (D:6)
  4 necrophages
  12 centaurs
  3 phantoms
  2 kobold brigands
  A bullfrog (D:8)
  3 gnoll sergeants
  2 scorpions
  A wyvern zombie (D:7)
  A water moccasin zombie (D:6)
  A water moccasin skeleton (D:6)
  2 wights (D:7)
  3 centaur zombies
  A bullfrog zombie (D:5)
  6 hounds
  A gnoll shaman (D:4)
  6 orc priests
  Crazy Yiuf (D:2)
  2 centaur skeletons
  An iguana (D:5)
  Terence (D:3)
  Jessica (D:3)
  Ijyb (D:4)
  Natasha (thrice) (D:3)
  3 orc wizards
  A killer bee zombie (D:8)
  2 hound skeletons
  3 howler monkey skeletons
  46 gnolls
  12 adders
  2 white imps (D:6)
  An ufetubus (D:6)
  3 worms (D:2)
  A dart slug (D:4)
  15 orcs
  6 ball pythons
  3 bat zombies (D:4)
  8 endoplasms
  4 giant cockroaches
  13 goblins
  19 hobgoblins
  28 kobolds
  A quokka (D:1)
  7 bats
  4 frilled lizards
  8 rats
  2 rat zombies (D:4)
302 creatures vanquished.

Vanquished Creatures (others)
  4 fungi (D:6)
  3 plants (D:7)
7 creatures vanquished.

Grand Total: 309 creatures vanquished

Notes
Turn   | Place    | Note
-------+----------+-------------------------------------------
     0 | D:1      | Heedrag the Minotaur Berserker began the quest for the Orb.
     0 | D:1      | Reached XP level 1. HP: 19/19 MP: 0/0
   319 | D:1      | Reached skill level 4 in Axes
   342 | D:1      | Reached XP level 2. HP: 22/27 MP: 1/1
  1258 | D:2      | Reached XP level 3. HP: 25/33 MP: 2/2
  1372 | D:2      | Reached skill level 1 in Shields
  1470 | D:2      | Reached ** piety under Trog
  1594 | D:2      | Reached XP level 4. HP: 35/40 MP: 3/3
  1668 | D:2      | Found a sacrificial altar of Ru.
  1774 | D:2      | Noticed Sigmund
  1779 | D:2      | Killed Sigmund
  1780 | D:2      | Reached skill level 6 in Axes
  1780 | D:2      | Reached XP level 5. HP: 47/47 MP: 4/4
  1794 | D:2      | Found a runed translucent door.
  1795 | D:2      | Noticed Crazy Yiuf
  2295 | D:2      | Killed Crazy Yiuf
  2296 | D:2      | Reached XP level 6. HP: 53/53 MP: 5/5
  2479 | D:3      | Found a glowing silver altar of Zin.
  2583 | D:3      | Noticed Jessica
  2587 | D:3      | Killed Jessica
  2649 | D:3      | Noticed Natasha
  2657 | D:3      | Killed Natasha
  2796 | D:3      | Noticed Terence
  2805 | D:3      | Killed Terence
  2829 | D:3      | Noticed Natasha
  2836 | D:3      | Killed Natasha
  2951 | D:3      | Reached skill level 7 in Axes
  3076 | D:3      | Reached *** piety under Trog
  3253 | D:3      | Noticed Natasha
  3265 | D:3      | Killed Natasha
  3450 | D:4      | Reached skill level 1 in Stealth
  3450 | D:4      | Reached XP level 7. HP: 58/60 MP: 6/6
  3632 | D:4      | Found an ancient bone altar of Kikubaaqudgha.
  3676 | D:4      | Noticed Ijyb
  3699 | D:4      | Reached skill level 5 in Fighting
  3699 | D:4      | Killed Ijyb
  3833 | D:4      | Reached skill level 8 in Axes
  3945 | D:4      | Found a hazy altar of Hepliaklqana.
  4010 | D:4      | Reached **** piety under Trog
  4267 | D:5      | Entered Level 5 of the Dungeon
  4314 | D:5      | Found a sacrificial altar of Ru.
  4716 | D:5      | Reached XP level 8. HP: 65/68 MP: 7/7
  4775 | D:5      | Reached skill level 9 in Axes
  5090 | D:5      | Noticed Menkaure
  5099 | D:5      | Killed Menkaure
  5738 | D:6      | Reached skill level 5 in Shields
  5896 | D:6      | Found a stormy altar of Qazlal.
  5907 | D:6      | Reached skill level 10 in Axes
  5994 | D:6      | Reached skill level 5 in Armour
  6270 | D:6      | Noticed Maggie
  6279 | D:6      | Killed Maggie
  6280 | D:6      | Reached XP level 9. HP: 75/75 MP: 8/8
  6489 | D:6      | Found a white marble altar of Elyvilon.
  6838 | D:7      | Found a broken altar of Ashenzari.
  6911 | D:7      | Found a sparkling altar of Nemelex Xobeh.
  6933 | D:7      | Found a flagged portal.
  6948 | Bailey   | Entered a bailey
  7196 | Bailey   | Reached ***** piety under Trog
  7208 | Bailey   | Reached skill level 11 in Axes
  7270 | Bailey   | Received a gift from Trog
  8128 | D:7      | Reached skill level 12 in Axes
  8156 | D:7      | Found a staircase to the Ecumenical Temple.
  8290 | D:7      | Received a gift from Trog
  8486 | D:7      | Found a blossoming altar of Fedhas.
  8829 | D:8      | Found an iron altar of Okawaru.
  8922 | D:8      | Reached XP level 10. HP: 86/86 MP: 9/9
  8925 | D:8      | Found a hide-covered altar of Uskayaw.
  8945 | D:8      | Reached skill level 13 in Axes
  8998 | D:8      | Found Secunyngo's Antique Armour Boutique.
  9066 | D:8      | Found Fuulef Wum's Distillery.
  9075 | D:8      | Bought a potion of curing for 33 gold pieces
  9075 | D:8      | Bought a potion of heal wounds for 55 gold pieces
  9146 | D:8      | Found Reaceu's Assorted Antiques.
  9162 | D:8      | Found a shadowy altar of Dithmenos.
  9750 | D:9      | Found Naosadik's Neck Hole.
  9782 | D:9      | Noticed an eight-headed hydra
  9794 | D:9      | Killed a five-headed hydra
 10136 | D:9      | Identified the +5 demon whip "Starlight" {pain, Fly Int+2
                  | Dex-2}
 10662 | D:9      | Found a staircase to the Orcish Mines.
 10702 | D:9      | Found a shimmering altar of Xom.
 10704 | D:9      | Found a shimmering altar of Xom.
 10705 | D:9      | Found a shimmering altar of Xom.
 10705 | D:9      | Found a shimmering altar of Xom.
 10705 | D:9      | Found a shimmering altar of Xom.
 10705 | D:9      | Found a shimmering altar of Xom.
 10744 | D:9      | Reached skill level 14 in Axes
 10905 | D:10     | Entered Level 10 of the Dungeon
 10946 | D:10     | Noticed a gargoyle
 10958 | D:10     | Killed a gargoyle
 10964 | D:10     | Reached XP level 11. HP: 79/95 MP: 10/10
 11248 | D:10     | Found a staircase to the Lair.
 11260 | D:10     | Noticed Maurice
 11270 | D:10     | Killed Maurice
 11285 | D:10     | Found Keucaut's Assorted Antiques.
 11959 | D:11     | Reached skill level 15 in Axes
 12103 | D:11     | Noticed a two-headed ogre
 12107 | D:11     | Killed a two-headed ogre
 12183 | D:11     | You are sucked into a shaft and drop 2 floors!
 12203 | D:12     | Received a gift from Trog
 12213 | D:12     | Identified the +1 trident "Suloog" {vorpal, rElec rF+ Str+2
                  | SInv}
 13115 | D:12     | HP: 2/97 [very large slime creature (57)]
 13116 | D:12     | Demolished by a very large slime creature

Illustrated notes

Levels and vault maps discovered:
D:1:      sevenhm_arrival_forest_fort_small_4, layout_basic,
          minmay_split_cup_small
D:2:      layout_basic, basic_altar, nrook_mini_backslash,
          uniq_crazy_yiuf_cottage, uniq_sigmund
D:3:      layout_basic, mainiacjoe_overflow_brackets, uniq_natasha,
          uniq_terence, uniq_jessica
D:4:      layout_gridville, worldfamousw_hep_ancestral_shrine,
          lemuel_zombie_altar_kikubaaqudgha, uniq_ijyb
D:5:      layout_basic, mainiacjoe_overflow_tiny_flanked, uniq_menkaure
D:6:      layout_basic, mainiacjoe_overflow_boulevard, elyvilon_altar_5,
          uniq_maggie
D:7:      kennysheep_housing_project, layout_basic, fedhas_altar_4,
          cheibrodos_ashenzari_chains, kennysheep_little_box,
          minmay_temple_entry_statues, serial_undead, serial_undead_a,
          serial_undead_c, serial_undead_d, serial_undead_c,
          lightli_bailey_entry_fortress, hangedman_abyss_or_decor_lesser_grid
D:8:      layout_basic, mainiacjoe_overflow_catwalk, okawaru_trees_1,
          nicolae_dithmenos_shadow_blocks, serial_shops,
          nicolae_shop_overgrown_old_shop, shop, shop
D:9:      layout_cross, xom_redecorated, orc_0_dummy,
          nicolae_shop_sticking_my_neck_out
D:10:     layout_loops_cross, lair_entry_dummy, serial_shops,
          nicolae_shop_trees, uniq_maurice
D:11:     argonaut_augean_stables, layout_cave_pools, grunt_ogre_cave,
          minmay_starry_boxes
D:12:     minmay_the_grid_four_pointed_star_mashed
          [minmay_the_grid_triangle_9x9_limited_checkers,
          minmay_the_grid_triangle_9x9_empty,
          minmay_the_grid_triangle_9x9_from_above,
          minmay_the_grid_triangle_9x9_checkered,
          minmay_the_grid_prize_four_corners_diamond_b], layout_loops_ring,
          uniq_frances
D:13:     layout_long_grid, minmay_checkerbox

Skill      XL: |  1  2  3  4  5  6  7  8  9 10 11 |
---------------+----------------------------------+-----
Axes           | 4 6 7 8 10 12 14 15 | 15.8
Fighting       | 4 5 6 7 8 9 |  9.2
Shields        | 1 2 3 4 6 7 8 9 |  9.1
Dodging        | 3 |  3.7
Armour         | 3 5 6 8 9 |  9.0
Stealth        | 1 |  1.6

Action                   |  1- 3 |  4- 6 |  7- 9 | 10-12 || total
-------------------------+-------+-------+-------+-------++-------
Melee: Hand axe          |    67 |   119 |   222 |       ||   408
       Headbutt          |     5 |    24 |    78 |    43 ||   150
       Broad axe         |       |       |    93 |   204 ||   297
       War axe           |       |       |    75 |       ||    75
Invok: Berserk           |       |     2 |     6 |     2 ||    10
 Stab: Sleeping          |       |     2 |       |       ||     2
Armor: Animal skin       |     6 |     6 |       |       ||    12
       Plate armour      |       |    32 |   183 |   123 ||   338
Dodge: Dodged            |    38 |    43 |   131 |   100 ||   312
       Repelled          |       |       |     1 |     3 ||     4
Block: Buckler           |     6 |    15 |    81 |    66 ||   168

Table legend: (Time is in decaauts)
 A = Elapsed time spent in this place.
 B = Non-inter-level travel time spent in this place.
 C = Inter-level travel time spent in this place.
 D = Time resting spent in this place.
 E = Time spent auto-exploring this place.
 F = Levels seen in this place.
 G = Mean time per level.
                   A        B        C        D        E       F      G
               +--------+--------+--------+--------+--------+-----+--------+
         Total |  13178 |  12602 |    576 |    839 |  10061 |  14 |  941.3 |
       Dungeon |  12486 |  11910 |    576 |    769 |   9585 |  13 |  960.5 |
        Bailey |    691 |    691 |      0 |     70 |    476 |   1 |  691.0 |
               +--------+--------+--------+--------+--------+-----+--------+

Top non-repeatable levels by time:
     D:7: 1278 daAuts
     D:2: 1268 daAuts
     D:6: 1219 daAuts
     D:1: 1214 daAuts
     D:9: 1187 daAuts
     D:5: 1186 daAuts
     D:3: 1106 daAuts
    D:10: 1049 daAuts
     D:8: 958 daAuts
    D:12: 919 daAuts
     D:4: 867 daAuts
  Bailey: 691 daAuts
    D:11: 228 daAuts
    D:13: 3 daAuts
